 Dungeon Crawl Stone Soup version 0.28.0-53-g5a82cb258f (webtiles) character file.

Game seed: 13688059086433430334

3900 Gabide the Fighter (level 10, -6/86 HPs)
             Began as a Mummy Berserker on June 20, 2022.
             Was an Elder of Trog.
             Mangled by a two-headed ogre
             ... wielding a +0 giant club
              (22 damage)
             ... on level 8 of the Dungeon.
             The game lasted 00:19:17 (8902 turns).

Gabide the Fighter (Mummy Berserker)                Turns: 8902, Time: 00:19:18

Health: -6/86      AC: 12    Str: 21    XL:     10   Next: 0%
Magic:  10/10      EV: 10    Int:  6    God:    Trog [****..]
Gold:   189        SH:  0    Dex: 15    Spells: 9/9 levels left

rFire   . . .      SeeInvis .   b - +5 flail "Atuykast" {spect, rElec rPois Str-2 Dex+2}
rCold   + . .      Faith    +   (no shield)
rNeg    + + +      Spirit   .   g - +2 scale mail {rF+}
rPois   ∞          Reflect  .   p - +0 helmet
rElec   +          Harm     .   f - +2 ratskin cloak {*Rats rPois rN+ Str-1 Int-1 Dex+1}
rCorr   .          Rampage  .   (no gloves)
Will    +++..                   (no boots)
Stlth   ..........              l - amulet of faith
HPRegen 1.24/turn               (no ring)
MPRegen 0.12/turn               (no ring)

@: strong-willed (expiring), regenerating (expiring), slowed, very slow
A: cold resistance 1, negative energy resistance 3, torment resistance 2, heat
vulnerability 1, no potions
a: Renounce Religion, Trog's Hand, Brothers in Arms


You were on level 8 of the Dungeon.
You worshipped Trog.
Trog was greatly pleased with you.
You visited 1 branch of the dungeon, and saw 8 of its levels.

You collected 483 gold pieces.
You spent 294 gold pieces at shops.

Inventory:

Hand Weapons
 a - a +0 hunting sling
 b - the +5 flail "Atuykast" (weapon) {spect, rElec rPois Str-2 Dex+2}
   (You took it off an orc on level 3 of the Dungeon)

   When its wielder attacks, the weapon's spirit leaps out and strikes again.
   The spirit shares a part of any damage it takes with its wielder.
   Str:       It affects your strength (-2).
   Dex:       It affects your dexterity (+2).
   rElec:     It insulates you from electricity.
   rPois:     It protects you from poison.
 k - a +5 whip of electrocution
Missiles
 d - 83 stones (quivered)
 o - a throwing net
Armour
 f - the +2 ratskin cloak (worn) {*Rats rPois rN+ Str-1 Int-1 Dex+1}
   (You found it on level 8 of the Dungeon)

   When the wearer is hurt, rats may emerge from it to assist them.
   Str:       It affects your strength (-1).
   Int:       It affects your intelligence (-1).
   Dex:       It affects your dexterity (+1).
   rPois:     It protects you from poison.
   rN:        It protects you from negative energy.
 g - a +2 scale mail of fire resistance (worn)
 p - a +0 helmet (worn)
Jewellery
 l - an amulet of faith (around neck)
 m - an amulet of reflection
Wands
 i - a wand of digging (4)
 r - a wand of flame (21)
Scrolls
 c - a scroll of immolation
 e - 2 scrolls of blinking
 h - 3 scrolls of brand weapon
 j - a scroll of magic mapping
 n - a scroll of teleportation
 q - a scroll of amnesia {unknown}
 s - a scroll of enchant armour {unknown}
 t - a scroll of acquirement {unknown}


   Skills:
 + Level 10.7 Fighting
 - Level 1.5 Armour
 - Level 1.5 Dodging
 + Level 9.0 Unarmed Combat


You had 9 spell levels left.
You didn't know any spells.
Your spell library was empty.

Dungeon Overview and Level Annotations

Branches:
Dungeon (8/15)             Temple (0/1) D:5
   Lair: D:8-11

Altars:
Cheibriados
Dithmenos
Fedhas
Hepliaklqana
Makhleb
Ru
Sif Muna
Xom
Yredelemnul
Zin
The Shining One
Beogh

Shops:
D:4 *   D:5 (   D:6 [   D:7 =

Annotations:
D:3 exclusions: orc wizard and 2 more exclusions
D:5 1 runed translucent door, nocturnal's ghost, amateur DrCj


Innate Abilities, Weirdness & Mutations

You are immune to poison.
Your flesh is cold resistant. (rC+)
You are immune to negative energy. (rN+++)
You are immune to unholy pain and torment.
You are vulnerable to heat. (rF-)
You do not drink.


Message History

The yak barely misses you.
Your Unarmed Combat skill increases to level 9!
You have reached level 10!
You feel clever. The yak gores you. The yak barely misses you.
You fail to use your ability.
The yak gores you. The yak gores you!
* * * LOW HITPOINT WARNING * * *
You fail to use your ability.
The yak closely misses you.
You fail to use your ability.
The yak gores you but does no damage. x2
Your skin crawls.
You feel strong-willed. The yak barely misses you. The yak gores you.
* * * LOW HITPOINT WARNING * * *
The yak barely misses you. The yak barely misses you.
The two-headed ogre hits you but does no damage.
The two-headed ogre barely misses you. The two-headed ogre closely misses you.
The two-headed ogre completely misses you.
The two-headed ogre closely misses you. The two-headed ogre misses you.
You hear the brisk hiss of a very distant avalanche of sand.
You hear the steady creaking of a very distant portcullis.
The two-headed ogre hits you with a +0 giant club!
The two-headed ogre hits you with a +0 giant club!!
* * * LOW HITPOINT WARNING * * *
A hell rat scurries out from under your cloak.
You swap places.
Your hell rat completely misses the two-headed ogre.
The two-headed ogre closely misses your hell rat.
The two-headed ogre hits your hell rat with a +0 giant club!!
Your hell rat dies!
Unknown command.
Unknown command.
You fail to use your ability.
You feel the effects of Trog's Hand fading.
The two-headed ogre misses you.
The two-headed ogre hits you with a +0 giant club!!
You die...

#.≈.. ..# #.# #.≈#. ..#..## #Y#
.≈. ......# #Y# .≈. #.# ..# #Y#
#≈# #.# #.###Y# #≈# #.# #..##.#
##≈#######.# #..##.# #########
≈)))....##.###...#Y######........
.#..............@O.........######
##...##.##.####............# #
.#...........##............# #
##...........##............# #
##.....#.....##............# #
.......#.....##............# #
##.....#.....##............# #
##.#..#.....##............######
#.#..#.....##..............(...


You could see a two-headed ogre and a yak.

Vanquished Creatures
  Erica (D:8)
  Joseph (D:7)
  Maggie (D:8)
  A wyvern (D:7)
  A yak (D:8)
  2 water moccasins
  Duvessa (D:6)
  A necrophage (D:5)
  An orc warrior (D:7)
  3 ogres
  A kobold brigand (D:3)
  2 bullfrogs
  A scorpion (D:5)
  2 water moccasin skeletons
  Dowan (D:6)
  3 howler monkeys (D:3)
  A bullfrog zombie (D:6)
  A centaur zombie (D:6)
  A jelly (D:8)
  9 hounds
  8 orc priests
  A gnoll shaman (D:6)
  2 bullfrog skeletons
  4 orc wizards
  20 gnolls
  4 adders
  2 ufetubi
  A worm (D:5)
  3 dart slugs
  49 orcs
  5 bats
  2 endoplasms
  2 giant cockroaches (D:2)
  3 goblins
  9 hobgoblins
  21 jackals
  4 kobolds
  5 ball pythons
  4 frilled lizards
  5 rats
189 creatures vanquished.

Vanquished Creatures (others)
  A plant (D:3)
1 creature vanquished.

Grand Total: 190 creatures vanquished

Notes
Turn   | Place    | Note
-------+----------+-------------------------------------------
     0 | D:1      | Gabide the Mummy Berserker began the quest for the Orb.
     0 | D:1      | Reached XP level 1. HP: 18/18 MP: 1/1
   421 | D:1      | Reached XP level 2. HP: 22/24 MP: 2/2
  1318 | D:2      | Reached XP level 3. HP: 29/30 MP: 3/3
  1683 | D:2      | Found a basalt altar of Yredelemnul.
  1868 | D:2      | Found a faded altar of an unknown god.
  2075 | D:3      | Reached skill level 4 in Fighting
  2175 | D:3      | Found a hazy altar of Hepliaklqana.
  2224 | D:3      | Found a shadowy altar of Dithmenos.
  2428 | D:3      | Reached XP level 4. HP: 37/37 MP: 4/4
  2753 | D:3      | Reached XP level 5. HP: 34/43 MP: 5/5
  2772 | D:3      | Reached ** piety under Trog
  2794 | D:3      | Reached skill level 5 in Fighting
  3287 | D:3      | Reached XP level 6. HP: 51/51 MP: 6/6
  3344 | D:3      | Identified the +5 flail "Atuykast" {spect, rElec rPois
                  | Str-2 Dex+2}
  3686 | D:3      | Reached skill level 6 in Fighting
  3703 | D:3      | Reached skill level 5 in Unarmed Combat
  3703 | D:3      | Reached XP level 7. HP: 50/58 MP: 7/7
  3954 | D:3      | Found a shimmering blue altar of Sif Muna.
  4877 | D:4      | Reached *** piety under Trog
  5297 | D:4      | Found Dishex's Fire Supplies.
  5306 | D:4      | You fall into a shaft and drop 2 floors!
  5419 | D:6      | Found a burning altar of Makhleb.
  5451 | D:5      | Entered Level 5 of the Dungeon
  5467 | D:5      | Reached skill level 7 in Fighting
  5472 | D:5      | Reached XP level 8. HP: 34/67 MP: 8/8
  5729 | D:5      | Found a runed translucent door.
  5729 | D:5      | Noticed nocturnal's ghost (amateur DrCj)
  5781 | D:5      | Found a staircase to the Ecumenical Temple.
  5823 | D:5      | Found Bexze's Antique Weapon Shoppe.
  5866 | D:5      | Found a snail-covered altar of Cheibriados.
  6346 | D:6      | Found Lapsumom's Armour Shoppe.
  6362 | D:6      | Noticed Dowan
  6364 | D:6      | Noticed Duvessa
  6370 | D:6      | Killed Dowan
  6374 | D:6      | Killed Duvessa
  6488 | D:6      | Found a sacrificial altar of Ru.
  6548 | D:6      | Reached skill level 8 in Fighting
  6559 | D:6      | Reached **** piety under Trog
  6737 | D:6      | Noticed an angel
  6767 | D:6      | Noticed a cacodemon
  7299 | D:7      | Found a shimmering altar of Xom.
  7414 | D:7      | Reached XP level 9. HP: 58/75 MP: 9/9
  7556 | D:4      | Bought a +2 scale mail of fire resistance for 294 gold
                  | pieces
  7686 | D:7      | Reached skill level 9 in Fighting
  8186 | D:7      | Noticed Joseph
  8193 | D:7      | Killed Joseph
  8421 | D:7      | Found Raoprecs's Jewellery Boutique.
  8465 | D:7      | Found a blossoming altar of Fedhas.
  8572 | D:8      | Found the +2 ratskin cloak {*Rats rPois rN+ Str-1 Int-1
                  | Dex+1}
  8706 | D:8      | Noticed Maggie
  8711 | D:8      | Killed Maggie
  8712 | D:8      | Reached skill level 10 in Fighting
  8861 | D:8      | Noticed Erica
  8868 | D:8      | Noticed a two-headed ogre
  8877 | D:8      | Killed Erica
  8878 | D:8      | Reached XP level 10. HP: 34/86 MP: 10/10
  8902 | D:8      | Mangled by a two-headed ogre

Illustrated notes

Levels and vault maps discovered:
D:1:      ncdulo_halloftheorcs, layout_loops_corners, nrook_mini_backslash
D:2:      layout_rooms, hellmonk_ecumenical_altar_defaced_shrine, basic_altar
D:3:      lemuel_castle_with_subvaults [lemuel_castle_interior_carwin_2],
          layout_loops_ring, mainiacjoe_overflow_concentric_impassable,
          led_sif_book, mainiacjoe_overflow_cross_hatched
D:4:      layout_basic, nicolae_shop_fire_sale [nicolae_sub_dead_trees],
          corexii_corridor_pit, nicolae_figureground_sparkle
D:5:      layout_basic, mainiacjoe_overflow_six_doors_small,
          minmay_temple_entry_steel_oval, ebering_ghost_reflecting_pool,
          serial_shops, nicolae_shop_waterfront
D:6:      layout_basic, grunt_temple_overflow_order_and_chaos_2,
          nicolae_ru_awakened_eye, lemuel_crystal_altar, serial_shops,
          nicolae_shop_stone, uniq_duvessa
D:7:      layout_basic, fedhas_ov_isle_minmay, amcnicky_altar_gilded,
          serial_shops, shop, minmay_misc_feat_pillars, uniq_joseph
D:8:      layout_basic, lightli_bailey_entry_fortress, enter_ossuary_4,
          uniq_maggie, uniq_erica, uniq_pikel

Skill      XL: |  1  2  3  4  5  6  7  8  9 |
---------------+----------------------------+-----
Unarmed Combat | 3 4 5 6 7 9 |  9.0
Fighting       | 4 5 6 7 8 10 | 10.7
Armour         | |  1.5
Dodging        | |  1.5

Action                   |  1- 3 |  4- 6 |  7- 9 | 10-12 || total
-------------------------+-------+-------+-------+-------++-------
Melee: Unarmed           |   110 |       |       |       ||   110
       Punch             |     1 |     7 |    12 |       ||    20
       Whip              |    23 |    73 |       |       ||    96
       Flail             |       |    22 |   163 |       ||   185
 Fire: Hunting sling     |    48 |    18 |    12 |       ||    78
Throw: Stone             |       |       |    10 |       ||    10
Invok: Trog's Hand       |       |     2 |     2 |     1 ||     5
Evoke: Wand              |       |       |     2 |       ||     2
  Use: Scroll            |     2 |       |     5 |       ||     7
 Stab: Distracted        |       |       |     2 |       ||     2
Armor: Animal skin       |     6 |       |       |       ||     6
       Ring mail         |    53 |    28 |    41 |       ||   122
       Scale mail        |       |       |    13 |     3 ||    16
Dodge: Dodged            |    88 |    56 |    76 |    11 ||   231
